 Dungeon Crawl Stone Soup version 0.21-a0-278-ga722497 (webtiles) character file.

10969 sagitran the Carver (level 11, -2/84 HPs)
             Began as a Demonspawn Gladiator on Sept 14, 2017.
             Slain by a manticore (15 damage)
             ... on level 11 of the Dungeon on Sept 22, 2017.
             The game lasted 01:23:36 (13066 turns).

sagitran the Carver (Demonspawn Gladiator)         Turns: 13066, Time: 01:23:37

Health: -2/84      AC:  9    Str: 21    XL:     11   Next: 43%
Magic:  0/12       EV: 16    Int:  9    God:
Gold:   757        SH:  5    Dex: 16    Spells: 8/10 levels left

rFire    . . .     SeeInvis .   M - +1 falchion (slice)
rCold    + . .     Gourm    .   r - +0 buckler
rNeg     . . .     Faith    .   K - +0 troll leather armour
rPois    +         Spirit   +   E - +0 hat
rElec    +         Reflect  .   J - +0 cloak
rCorr    +         Harm     .   F - +0 pair of gloves
MR       .....                  (boots unavailable)
Stlth    ++........             (no amulet)
HPRegen  0.64/turn              k - ring of flight
MPRegen  0.26/turn              z - ring of Faefor {rCorr rPois}

@: no status effects
A: horns 1, talons 3, thin metallic scales 3, cold resistance 1, deformed body,
high mp 1, strong 2, magic shield, magic regeneration, no potion heal 1
a: Evoke Flight


You were on level 11 of the Dungeon.
You were not hungry.

You visited 2 branches of the dungeon, and saw 12 of its levels.

You collected 757 gold pieces.

Inventory:

Hand Weapons
 y - a cursed -1 blowgun
 A - a +0 blowgun
 M - a +1 falchion of slicing (weapon)
Missiles
 o - 8 tomahawks (quivered)
 w - 10 curare-tipped needles
 N - 29 poisoned needles
Armour
 b - a +0 leather armour
 c - a +0 helmet
 r - a +0 buckler (worn)
 D - a +0 ring mail of poison resistance
 E - a +0 hat (worn)
 F - a +0 pair of gloves (worn)
 J - a +0 cloak (worn)
 K - a +0 troll leather armour (worn)
Jewellery
 k - a ring of flight (left hand)
 z - the ring of Faefor (right hand) {rCorr rPois}
   (You found it on level 5 of the Dungeon)

   [ring of resist corrosion]

   It protects you from poison.
 P - a cursed ring of loudness {unknown}
Wands
 H - a wand of lightning (0/15)
Scrolls
 e - 6 scrolls of remove curse
 h - 3 scrolls of recharging
 i - 2 scrolls of blinking
 n - 4 scrolls of amnesia
 q - 2 scrolls of noise {unknown}
 t - 2 scrolls of magic mapping
 u - a scroll of random uselessness {unknown}
 x - a scroll of fear {unknown}
 C - a scroll of enchant weapon {unknown}
 L - a scroll of teleportation
 O - a scroll of identify
Potions
 a - a potion of might {unknown}
 g - 2 potions of curing
 m - a potion of agility
 p - a potion of brilliance {unknown}
 s - 3 potions of lignification
 I - a potion of ambrosia
Books
 B - a book of Changes

   Spells                             Type                      Level
   a - Beastly Appendage              Transmutation                1
   b - Sticks to Snakes               Transmutation                2
   c - Spider Form                    Transmutation/Poison         3
   d - Ice Form                       Ice/Transmutation            4
   e - Blade Hands                    Transmutation                5
 G - a book of Maledictions

   Spells                             Type                      Level
   a - Corona                         Hexes                        1
   b - Ensorcelled Hibernation        Hexes/Ice                    2
   c - Confuse                        Hexes                        3
   d - Tukima's Dance                 Hexes                        3
   e - Dazzling Spray                 Conjuration/Hexes            3
Comestibles
 d - a meat ration
 f - 4 bread rations
 j - a fruit
 l - 5 royal jellies
 v - 2 chunks of flesh


   Skills:
 + Level 7.6 Fighting
 + Level 10.5 Long Blades
 + Level 2.8 Throwing
 + Level 6.9 Armour
 + Level 6.8 Dodging
 + Level 3.7 Stealth
 + Level 4.8 Shields
 + Level 0.2 Evocations


You had 8 spell levels left.
You knew the following spells:

 Your Spells              Type           Power        Failure   Level  Hunger
a - Ensorcelled Hibernat  Hex/Ice        #.....       56%         2    ###....


Dungeon Overview and Level Annotations

Branches:
Dungeon (11/15)            Temple (1/1) D:4            Lair (0/6) D:9
    Orc (0/2) D:11

Altars:
Ashenzari
Cheibriados
Dithmenos
Elyvilon
Fedhas
Gozag
Hepliaklqana
Kikubaaqudgha
Makhleb
Nemelex Xobeh
Okawaru
Qazlal
Ru
Sif Muna
Trog
Uskayaw
Vehumet
Wu Jian
Xom
Yredelemnul
Zin
The Shining One

Shops:
D:6 }

Annotations:
D:9 Snorg


Innate Abilities, Weirdness & Mutations

You have claws for feet.
You are completely covered in thin metallic scales. (AC +4, rElec)
Your flesh is cold resistant. (rC+)
When hurt, damage is shared between your health and your magic reserves.
You regenerate magic rapidly.
You have a pair of small horns on your head.
Armour fits poorly on your strangely shaped body.
You have an increased reservoir of magic. (+10% MP)
Your muscles are very strong. (Str +4)
Potions are less effective at restoring your health.


Message History

Fannar is almost dead.
The ice beast hits you but does no damage.
You block the ice beast's attack. You block the manticore's attack.
The manticore barely misses you. x2
You hit Fannar.
You kill Fannar!
The ice beast disappears in a puff of smoke! x2
You hit the manticore but do no damage. Your kick misses the manticore.
The manticore barely misses you. x2; You block the manticore's attack.
You slash the manticore!
The manticore is moderately wounded.
The manticore bites you.
* * * LOW HITPOINT WARNING * * *
The manticore closely misses you. The manticore claws you!
* * * LOW HITPOINT WARNING * * *
You slash the manticore!
You headbutt the manticore, but do no damage.
The manticore is heavily wounded.
The manticore bites you!!
You die...

#.....# ### #.....# ..#
#.....# #.# #.#.#.## #.#
#.#....#
.########.#######.#.....
..................#....#
......H.#.######..#.##.#
#...)@ยง.# #..#.##)#
#.#..#..# #.)...>..
........# #.##.##.#
###>###### #.##.##.# #.
#.##.##.# # #.##.#.#.
###.##..# # #......#
#####...####


You could see a manticore.

Vanquished Creatures
  Fannar (D:11)
  A two-headed ogre (D:11)
  Nergalle (D:10)
  The ghost of Rhok the Cutter, a novice DsFi of Gozag (D:6)
  An ugly thing (D:9)
  A gargoyle (D:11)
  The ghost of theyak the Slasher, a novice OpFi (D:5)
  A freezing wraith (D:10)
  A troll (D:9)
  3 hippogriffs (D:9)
  4 hogs (D:7)
  12 yaks
  A basilisk (D:9)
  A human (D:7)
  A hungry ghost (D:9)
  2 ice beasts
  4 orc warriors
  A black bear (D:6)
  A sky beast (D:5)
  A necrophage (D:7)
  An ogre (D:10)
  3 centaurs
  A crocodile (D:9)
  9 big kobolds
  2 gnoll sergeants
  2 scorpions
  9 killer bees
  3 electric eels (D:6)
  A crimson imp (D:10)
  A quasit (D:7)
  4 hounds
  2 centaur skeletons
  4 orc priests
  3 orc wizards
  2 bullfrog skeletons
  3 iguanas
  6 worker ants
  A killer bee zombie (D:9)
  A hound zombie (D:9)
  A worker ant zombie (D:8)
  13 gnolls
  11 adders
  2 shadow imps
  3 oozes
  3 worms (D:2)
  7 dart slugs
  5 leopard geckos
  46 orcs
  5 giant cockroaches
  7 goblins
  13 hobgoblins
  13 jackals
  48 kobolds
  6 quokkas
  A ball python (D:1)
  5 bats
  5 frilled lizards
  A jackal skeleton (D:6)
  2 rats (D:2)
295 creatures vanquished.

Notes
Turn   | Place    | Note
-------+----------+-------------------------------------------
     0 | D:1      | sagitran the Demonspawn Gladiator began the quest for the Orb.
     0 | D:1      | Reached XP level 1. HP: 16/16 MP: 1/1
   180 | D:1      | Gained mutation: When hurt, damage is shared between your health and your magic reserves. [demonic ancestry]
   180 | D:1      | Reached XP level 2. HP: 12/22 MP: 2/2
   273 | D:1      | Reached skill level 3 in Long Blades
   649 | D:1      | Gained mutation: You have sharp toenails. [demonic ancestry]
   649 | D:1      | Reached XP level 3. HP: 26/27 MP: 3/3
   880 | D:2      | Reached skill level 1 in Armour
  1151 | D:2      | Upgraded the game from 0.21-a0-270-g8204059 to 0.21-a0-272-g984ae92
  1207 | D:2      | Reached XP level 4. HP: 33/33 MP: 4/4
  1561 | D:2      | Found a faded altar of an unknown god.
  2098 | D:3      | Gained mutation: You are partially covered in thin metallic scales. (AC +2) [demonic ancestry]
  2098 | D:3      | Reached XP level 5. HP: 33/39 MP: 5/5
  2215 | D:4      | Found a staircase to the Ecumenical Temple.
  2286 | D:3      | Reached skill level 4 in Long Blades
  3079 | Temple   | Entered the Ecumenical Temple
  3634 | D:4      | Gained mutation: You are mostly covered in thin metallic scales. (AC +3) [demonic ancestry]
  3634 | D:4      | Reached XP level 6. HP: 36/47 MP: 4/6
  3895 | D:5      | Entered Level 5 of the Dungeon
  3987 | D:5      | Got a steaming ivory ring
  3988 | D:5      | Identified the ring of Faefor {rCorr rPois} (You found it on level 5 of the Dungeon)
  4227 | D:5      | Noticed theyak's ghost (novice OpFi)
  4239 | D:5      | Killed theyak's ghost
  4239 | D:5      | Reached skill level 5 in Long Blades
  4239 | D:5      | Reached skill level 1 in Stealth
  4239 | D:5      | Reached skill level 1 in Shields
  4239 | D:5      | Gained mutation: You have razor-sharp toenails. [demonic ancestry]
  4239 | D:5      | Reached XP level 7. HP: 27/52 MP: 2/7
  4585 | D:5      | Gained mutation: Potions are less effective at restoring your health. [mutagenic meat]
  4586 | D:5      | Gained mutation: You have an increased reservoir of magic. (+10% MP) [mutagenic meat]
  4587 | D:5      | Gained mutation: Your muscles are strong. (Str +2) [mutagenic meat]
  4588 | D:5      | Gained mutation: Your muscles are very strong. (Str +4) [mutagenic meat]
  4589 | D:5      | Gained mutation: Armour fits poorly on your strangely shaped body. [mutagenic meat]
  4590 | D:5      | Gained mutation: You are clumsy. (Dex -2) [mutagenic meat]
  4923 | D:6      | Noticed Rhok's ghost (novice DsFi)
  4961 | D:6      | Killed Rhok's ghost
  4961 | D:6      | Reached skill level 6 in Long Blades
  4961 | D:6      | Gained mutation: You are completely covered in thin metallic scales. (AC +4, rElec) [demonic ancestry]
  4961 | D:6      | Reached XP level 8. HP: 17/60 MP: 4/8
  5243 | D:6      | Found a hazy altar of Hepliaklqana.
  5248 | D:6      | Found a glowing silver altar of Zin.
  5253 | D:6      | Found an ancient bone altar of Kikubaaqudgha.
  5258 | D:6      | Found a snail-covered altar of Cheibriados.
  5609 | D:6      | Found Onkaci's Gadget Shoppe.
  5986 | D:6      | Reached skill level 7 in Long Blades
  6071 | D:6      | Reached skill level 5 in Armour
  6071 | D:6      | Gained mutation: You regenerate magic rapidly. [demonic ancestry]
  6071 | D:6      | Reached XP level 9. HP: 48/66 MP: 7/9
  7004 | D:7      | Reached skill level 5 in Fighting
  7981 | D:7      | Reached skill level 8 in Long Blades
  7981 | D:7      | Reached skill level 5 in Dodging
  9878 | D:9      | Gained mutation: Your flesh is cold resistant. (rC+) [demonic ancestry]
  9878 | D:9      | Reached XP level 10. HP: 55/75 MP: 7/11
  9957 | D:9      | Found a shimmering altar of Xom.
  9965 | D:9      | Found a staircase to the Lair.
 10353 | D:9      | Reached skill level 9 in Long Blades
 10947 | D:9      | Noticed a purple ugly thing
 10959 | D:9      | Killed a purple ugly thing
 10963 | D:9      | Gained mutation: You have a pair of small horns on your head. [mutagenic meat]
 10964 | D:9      | Lost mutation: You are clumsy. (Dex -2) [mutagenic meat]
 10965 | D:9      | Gained mutation: You have claws for feet. [mutagenic meat]
 11350 | D:9      | Upgraded the game from 0.21-a0-272-g984ae92 to 0.21-a0-278-ga722497
 11360 | D:10     | Entered Level 10 of the Dungeon
 11360 | D:10     | Noticed Snorg
 11498 | D:8      | Learned a level 2 spell: Ensorcelled Hibernation
 11756 | D:10     | Noticed Nergalle
 11783 | D:10     | Killed Nergalle
 11783 | D:10     | Reached XP level 11. HP: 49/84 MP: 10/12
 12226 | D:10     | Reached skill level 10 in Long Blades
 12375 | D:11     | Noticed Fannar
 12750 | D:11     | Found a staircase to the Orcish Mines.
 12904 | D:11     | Noticed a skeletal warrior
 12904 | D:11     | Noticed a skeletal warrior
 12932 | D:11     | Noticed a two-headed ogre
 12942 | D:11     | Killed a two-headed ogre
 13063 | D:11     | Killed Fannar
 13066 | D:11     | Slain by a manticore

Vault maps used:
D:1:      dpeg_arrival_lava_temple_mockup, st_stairs_8, nrook_uturn,
          minmay_misc_feat_encased
D:2:      first_bread, chequers_ecumenical_altar_lobes
D:3:      minmay_misc_feat_columns
D:4:      minmay_temple_entry_statues_fountains, sigmund_army
D:5:      kennysheep_boxes
D:6:      minmay_goblin_kobold_castle, grunt_temple_overflow_cloverleaf,
          serial_shops, nicolae_shop_trees
D:7:      grunt_livestock
D:8:      serial_curves, eino_curves_03, eino_curves_04
D:9:      david_lair_generic, basic_altar, hex_tiny, solitary_fountain
D:10:     uniq_snorg, uniq_fannar, uniq_nergalle
D:11:     hiddenorc2_lemuel, uniq_grum
Temple:   dpeg_five_rooms_temple

Skill      XL: |  1  2  3  4  5  6  7  8  9 10 11 |
---------------+----------------------------------+-----
Long Blades    | 3 4 5 6 7 8 9 10 | 10.5
Dodging        | 3 4 5 6 |  6.8
Armour         | 1 2 4 5 6 |  6.9
Fighting       | 3 4 6 7 |  7.6
Throwing       | 2 |  2.8
Stealth        | 1 2 3 |  3.7
Shields        | 1 2 3 4 |  4.8
Evocations     | |  0.2

Action                   |  1- 3 |  4- 6 |  7- 9 | 10-12 || total
-------------------------+-------+-------+-------+-------++-------
Melee: Long sword        |    96 |   143 |   463 |   339 ||  1041
       Kick              |    11 |    44 |   140 |   186 ||   381
       Headbutt          |       |       |       |    75 ||    75
       Falchion          |       |       |       |    69 ||    69
Throw: Throwing net      |     1 |     3 |     4 |     2 ||    10
       Tomahawk          |       |     2 |     1 |    10 ||    13
 Abil: Evoke Flight      |       |       |     1 |       ||     1
Evoke: Wand              |       |       |       |     3 ||     3
  Use: Potion            |     2 |       |     6 |     4 ||    12
       Scroll            |       |     5 |     6 |     1 ||    12
 Stab: Sleeping          |     1 |       |     2 |     3 ||     6
       Held in net/web   |       |       |     1 |       ||     1
  Eat: Chunk             |     1 |     3 |     6 |     9 ||    19
       Bread ration      |       |     1 |     1 |       ||     2
       Fruit             |       |     3 |       |       ||     3
       Royal jelly       |       |       |     4 |       ||     4
       Meat ration       |       |       |     3 |     1 ||     4
Armor: Leather armour    |    21 |     6 |       |       ||    27
       Ring mail         |       |    45 |   204 |    43 ||   292
       Skin              |       |       |    67 |       ||    67
       Troll leather arm |       |       |       |    72 ||    72
Dodge: Dodged            |    64 |   116 |   352 |   300 ||   832
Block: Buckler           |    10 |    17 |   122 |   127 ||   276
       Rpst.: Long sword |    20 |    36 |    79 |    64 ||   199
       Falchion          |       |       |       |     6 ||     6

Table legend:
 A = Spawn XP
 B = Non-spawn XP
 C = Spawn XP percentage of total XP
 D = Spawn monster count
 E = Non-spawn monster count
 F = Spawn count percentage of total count
 G = Total turns spent on level
                    A         B        C        D         E        F      G
               +---------+---------+-------+---------+---------+-------+---------
         Total |       0 |   15670 |   0.0 |       0 |     295 |   0.0 | 13066
               +---------+---------+-------+---------+---------+-------+---------
           D:1 |       0 |      46 |   0.0 |       0 |      19 |   0.0 |   823
           D:2 |       0 |     123 |   0.0 |       0 |      28 |   0.0 |   987
           D:3 |       0 |     104 |   0.0 |       0 |      23 |   0.0 |   921
           D:4 |       0 |     123 |   0.0 |       0 |      15 |   0.0 |  1002
           D:5 |       0 |     579 |   0.0 |       0 |       9 |   0.0 |   983
           D:6 |       0 |    1747 |   0.0 |       0 |      57 |   0.0 |  1659
           D:7 |       0 |    1879 |   0.0 |       0 |      23 |   0.0 |  2231
           D:8 |       0 |     972 |   0.0 |       0 |      16 |   0.0 |  1481
           D:9 |       0 |    4796 |   0.0 |       0 |      40 |   0.0 |  1334
          D:10 |       0 |    1656 |   0.0 |       0 |      17 |   0.0 |   827
          D:11 |       0 |    3645 |   0.0 |       0 |      48 |   0.0 |   645
               +---------+---------+-------+---------+---------+-------+---------
